 Dungeon Crawl Stone Soup version 0.26.1-11-gd32895ea62 (webtiles) character file.

Game seed: 8500636300291921770

775 nothank2 the Basher (level 7, 0/44 HPs)
             Began as a Gargoyle Fighter on July 9, 2021.
             Was an Initiate of Nemelex Xobeh.
             Killed by divine providence
             ... invoked by an orc priest
              (9 damage)
             ... on level 5 of the Dungeon.
             The game lasted 00:12:57 (5469 turns).

nothank2 the Basher (Gargoyle Fighter)              Turns: 5469, Time: 00:12:57

Health: 0/44       AC: 12    Str: 21    XL:     7   Next: 84%
Magic:  16/16      EV:  7    Int:  9    God:    Nemelex Xobeh [......]
Gold:   219        SH:  9    Dex:  9    Spells: 6/6 levels left

rFire    . . .     SeeInvis .   a - +0 flail
rCold    + . .     Faith    .   c - +0 kite shield
rNeg     + . .     Spirit   .   z - +1 scale mail {rC+}
rPois    ∞         Reflect  .   (no helmet)
rElec    +         Harm     .   (no cloak)
rCorr    .         Rampage  .   (no gloves)
Will     +....                  (no boots)
Stlth    ..........             (no amulet)
HPRegen  0.14/turn              e - ring of willpower
MPRegen  0.15/turn              k - ring of magical power

@: no status effects
A: negative energy resistance 1, electricity resistance, unbreathing,
petrification resistance, miasma immunity, AC +4
a: Renounce Religion, Draw Escape, Draw Destruction, Draw Summoning


You were on level 5 of the Dungeon.
You worshipped Nemelex Xobeh.
Nemelex Xobeh was noncommittal.
You visited 2 branches of the dungeon, and saw 6 of its levels.

You collected 219 gold pieces.

Inventory:

Hand Weapons
 a - a +0 flail (weapon)
Missiles
 i - 22 poisoned darts (quivered)
Armour
 b - a +0 scale mail
 c - a +0 kite shield (worn)
 z - a +1 scale mail of cold resistance (worn)
Jewellery
 e - a ring of willpower (left hand)
 k - a ring of magical power (right hand)
Wands
 p - a wand of paralysis (7)
Scrolls
 g - a scroll of enchant weapon {unknown}
 h - 8 scrolls of remove curse {unknown}
 m - 2 scrolls of teleportation {unknown}
 n - a scroll of immolation {unknown}
 q - 2 scrolls of enchant armour {unknown}
 u - a scroll of identify {unknown}
 v - 2 scrolls of amnesia {unknown}
 w - a scroll of fog {unknown}
 y - a scroll of blinking {unknown}
Potions
 d - a potion of might
 f - 2 potions of mutation {unknown}
 j - 5 potions of brilliance {unknown}
 l - a potion of flight {unknown}
 o - a potion of attraction {unknown}
 r - a potion of invisibility {unknown}
 s - a potion of magic {unknown}
 t - 3 potions of heal wounds {unknown}
 x - 2 potions of curing {unknown}


   Skills:
 - Level 5.0 Fighting
 + Level 8.0 Maces & Flails
 - Level 3.2 Armour
 - Level 3.2 Shields


You had 6 spell levels left.
You didn't know any spells.
Your spell library was empty.

Dungeon Overview and Level Annotations

Branches:
Dungeon (5/15)             Temple (1/1) D:4

Altars:
Ashenzari
Cheibriados
Fedhas
Gozag
Nemelex Xobeh
Okawaru
Trog
Vehumet
Wu Jian
Yredelemnul
Zin
The Shining One

Annotations:
D:3 3 runed translucent doors, Leeroy's ghost, amateur PaWr; dtburroughs's ghost, amateur MiBe
D:4 Grinder


Innate Abilities, Weirdness & Mutations

You are resistant to torment.
Your stone body is resilient. (AC +4)
You are immune to poison.
You resist negative energy. (rN+)
You are resistant to electric shocks. (rElec)
You can survive without breathing.
You are immune to petrification.
You are immune to miasma.


Message History

Pain shoots through your body! The orc hits you.
You hit the orc priest.
The orc priest is almost dead.
You block the orc priest's attack. You block the orc's attack.
The orc hits you but does no damage.
You closely miss the orc priest.
The orc priest is almost dead.
You block the orc's attack. You block the orc priest's attack.
The orc closely misses you.
Your shield prevents you from hitting the orc priest.
The orc priest is almost dead.
The orc hits you but does no damage.
The orc priest invokes the aid of Beogh against you.
Beogh smites you!
* * * LOW HITPOINT WARNING * * *
The orc hits you but does no damage. The worker ant closely misses you.
The orc priest invokes the aid of Beogh against you.
Beogh smites you!
You die...
Your body disappears without a glow.

#.....'.....#
#.....#.....#
##...###....#
#...###....#
#..........#
#..........#
+..........#
#.B........#
#.o@.......#
#ooo.......#
##Z####....#
.........###....#
.........#......#
.........#......#
.........#.[....#
.........########
#####+##..


You could see a worker ant, 2 orc priests, 2 orcs and a centaur zombie.

Vanquished Creatures
  2 phantoms (D:4)
  An ogre (D:4)
  Blork the orc (D:5)
  2 orc priests (D:4)
  A centaur skeleton (D:4)
  Natasha (thrice) (D:4)
  A worker ant (D:4)
  A hound skeleton (D:5)
  5 gnolls
  6 adders
  A white imp (D:5)
  An ufetubus (D:5)
  2 oozes (D:4)
  2 worms
  A dart slug (D:5)
  4 leopard geckos
  11 orcs
  6 giant cockroaches
  11 goblins
  13 hobgoblins
  A quokka (D:3)
  2 ball pythons
  10 bats
  8 frilled lizards
  11 kobolds
  3 rats
110 creatures vanquished.

Vanquished Creatures (others)
  4 withered plants (D:3)
4 creatures vanquished.

Grand Total: 114 creatures vanquished

Notes
Turn   | Place    | Note
-------+----------+-------------------------------------------
     0 | D:1      | nothank2 the Gargoyle Fighter began the quest for the Orb.
     0 | D:1      | Reached XP level 1. HP: 14/14 MP: 1/1
   223 | D:1      | Reached XP level 2. HP: 4/19 MP: 2/2
   853 | D:1      | Reached XP level 3. HP: 24/24 MP: 3/3
  1120 | D:2      | Reached skill level 3 in Maces & Flails
  1130 | D:2      | Reached XP level 4. HP: 23/30 MP: 4/4
  1900 | D:2      | Reached XP level 5. HP: 29/34 MP: 5/5
  2209 | D:3      | Found a faded altar of an unknown god.
  2265 | D:3      | Reached skill level 5 in Fighting
  2356 | D:3      | Reached skill level 4 in Maces & Flails
  2566 | D:3      | Found a bloodstained altar of Trog.
  2794 | D:3      | Found a runed translucent gate.
  2795 | D:3      | Found a runed translucent gate.
  2795 | D:3      | Found a runed translucent gate.
  2796 | D:3      | Noticed Leeroy's ghost (amateur PaWr)
  2797 | D:3      | Noticed dtburroughs's ghost (amateur MiBe)
  3113 | D:4      | Found a staircase to the Ecumenical Temple.
  3115 | D:4      | Noticed Natasha
  3131 | D:4      | Killed Natasha
  3138 | Temple   | Entered the Ecumenical Temple
  3651 | D:4      | Reached skill level 5 in Maces & Flails
  3651 | D:4      | Reached XP level 6. HP: 30/40 MP: 6/6
  3774 | D:4      | Noticed a phantom
  3791 | D:4      | Killed a phantom
  3880 | D:4      | Noticed Natasha
  3890 | D:4      | Killed Natasha
  3891 | D:4      | Reached skill level 6 in Maces & Flails
  4048 | D:4      | Noticed Natasha
  4064 | D:4      | Killed Natasha
  4122 | D:4      | Noticed a phantom
  4153 | D:4      | Killed a phantom
  4154 | D:4      | Reached XP level 7. HP: 44/44 MP: 7/7
  4297 | D:4      | Reached skill level 7 in Maces & Flails
  4573 | D:4      | Found an iron altar of Okawaru.
  4596 | D:4      | Found a sparkling altar of Nemelex Xobeh.
  4845 | D:4      | Became a worshipper of Nemelex Xobeh the Trickster
  4894 | D:4      | Noticed Grinder
  5129 | D:5      | Entered Level 5 of the Dungeon
  5273 | D:5      | Noticed Blork the orc
  5295 | D:5      | Killed Blork the orc
  5464 | D:5      | Reached skill level 8 in Maces & Flails
  5469 | D:5      | Killed from afar by an orc priest

Illustrated notes

Levels and vault maps discovered:
D:1:      wander_arrival_desolate, layout_rooms
D:2:      minmay_evil_eye, layout_rooms
D:3:      layout_basic, chequers_ecumenical_altar_island,
          gammafunk_ghost_cemetery, trog_hazing_becter
D:4:      layout_basic, gammafunk_temple_overflow_statue,
          minmay_temple_entry_trees, uniq_grinder, uniq_natasha
D:5:      layout_gridville, uniq_crazy_yiuf_cottage, uniq_blork_the_orc
Temple:   jpeg_temple_alley_garden

Skill      XL: |  1  2  3  4  5  6  7 |
---------------+----------------------+-----
Fighting       | 4 5 |  5.0
Maces & Flails | 3 5 6 8 |  8.0
Armour         | |  3.2
Shields        | |  3.2

Action                   |  1- 3 |  4- 6 |  7- 9 || total
-------------------------+-------+-------+-------++-------
Melee: Flail             |   136 |   322 |    82 ||   540
Throw: Dart              |     3 |     1 |    12 ||    16
  Use: Potion            |       |       |     1 ||     1
Armor: Scale mail        |   100 |   168 |    43 ||   311
Dodge: Dodged            |    55 |    89 |    23 ||   167
Block: Kite shield       |    83 |   172 |    35 ||   290
